 Dungeon Sprint DCSS version 0.30-a0-920-g7493c07aab (webtiles) character file.

Game seed: 5710860371213386406

2444 testman the Brawler (level 9, -5/109 HPs)
             Began as a Troll Berserker on Mar 21, 2023.
             Was a High Priest of Trog.
             Slain by a slime creature (18 damage)
             ... in the Dungeon (Sprint IX: "|||||||||||||||||||||||||||||").
             The game lasted 00:02:57 (223 turns).

testman the Brawler (Troll Berserker)                Turns: 223, Time: 00:02:57

Health: -5/109     AC:  4    Str: 31    XL:     9   Next: 25%
Magic:  8/8        EV: 10    Int:  3    God:    Trog [*****.]
Gold:   0          SH:  0    Dex:  9    Spells: 8/8 levels left

rFire   . . .      SeeInvis .      - Unarmed
rCold   . . .      Faith    .    (no shield)
rNeg    . . .      Spirit   .    a - +0 animal skin
rPois   .          Reflect  .    (helmet restricted)
rElec   .          Rampage  .    (no cloak)
rCorr   .          NoTele   +    (gloves unavailable)
Will    ++...                    (boots unavailable)
Stlth   +                        (no amulet)
HPRegen 2.18/turn                (no ring)
MPRegen 0.11/turn                (no ring)

@: strong-willed, on berserk cooldown, regenerating, slowed, very slow
A: large, unfitting armour, claws 3, regeneration 1, shaggy fur 1, tough skin 1
a: Renounce Religion, Berserk, Trog's Hand, Brothers in Arms


You were in the Dungeon.
You worshipped Trog.
Trog was extremely pleased with you.
You visited 1 branch

Inventory:

Armour
 a - a +0 animal skin (worn)
Jewellery
 j - a +3 ring of dexterity
 k - a +3 ring of dexterity
Wands
 i - a wand of iceblast (10)
Scrolls
 g - 2 scrolls of blinking
Potions
 b - 5 potions of curing
 c - 2 potions of heal wounds
 d - a potion of haste
 e - 4 potions of magic
 f - a potion of berserk rage
 h - a potion of invisibility


   Skills:
 + Level 12.9 Fighting
 - Level 2.4 Dodging
 + Level 15.2 Unarmed Combat


You had 8 spell levels left.
You didn't know any spells.
Your spell library was empty.

Dungeon Overview and Level Annotations

Branches:
Dungeon (1/1)

Altars:
Cheibriados
Dithmenos
Elyvilon
Fedhas
Gozag
Hepliaklqana
Kikubaaqudgha
Makhleb
Nemelex Xobeh
Okawaru
Qazlal
Ru
Sif Muna
Trog
Uskayaw
Vehumet
Wu Jian
Xom
Yredelemnul
Zin
The Shining One
Jiyva
Lugonu


Innate Abilities, Weirdness & Mutations

You are too large for most types of armour.
You have claws for hands.
Your natural rate of healing is unusually fast.
You are covered in fur. (AC +1)
You have tough skin. (AC +1)


Message History

Increase (S)trength, (I)ntelligence, or (D)exterity?
You feel stronger. x3
You are too berserk!
The slime creature closely misses you.
You see here a komodo dragon corpse.
You mangle the slime creature!!
The slime creature is heavily wounded.
The slime creature hits you!
You eviscerate the slime creature!!!
You kill the slime creature!
Trog accepts your kill.
You are no longer berserk.
You are exhausted.
You feel yourself slow down. The efreet gestures at you.
The bolt of fire hits you!!
* * * LOW HITPOINT WARNING * * *
You eviscerate the efreet!!!
You kill the efreet!
Trog accepts your kill.
Your Unarmed Combat skill increases to level 15!
You claw the slime creature!
The slime creature is moderately wounded.
The slime creature hits you!
* * * LOW HITPOINT WARNING * * *
You scratch the slime creature.
The slime creature is moderately wounded.
The slime creature hits you.
* * * LOW HITPOINT WARNING * * *
You feel much better. The slime creature hits you!!
* * * LOW HITPOINT WARNING * * *
The slime creature hits you!
* * * LOW HITPOINT WARNING * * *
You fail to use your ability.
The slime creature hits you but does no damage.
Your iron troll goes berserk!
The slime creature hits you!
* * * LOW HITPOINT WARNING * * *
The slime creature hits you!!
You die... ▓▓▓▓▓▓▓▓▓▓▓▓▓▓▓▓▓▓▓▓ +.J@†T)'.....)'..[[[ ▓▓▓▓▓▓▓▓▓▓▓▓▓▓▓▓▓▓▓▓

You could see a slime creature (ally target) and a friendly iron troll (summoned, berserk).

Vanquished Creatures
  A centaur warrior (D)
  A cyclops (D)
  A komodo dragon (D)
  An unseen horror (D)
  An efreet (D)
  A slime creature (D)
  A wraith (D)
  A vampire mosquito (D)
  An ogre (D)
  A scorpion (D)
  2 killer bees (D)
  A howler monkey (D)
  An orc wizard (D)
  An orc (D)
  A bat (D)
  An endoplasm (D)
  A goblin (D)
  A kobold (D)
  A quokka (D)
  A ball python (D)
21 creatures vanquished.

Notes
Turn   | Place    | Note
-------+----------+-------------------------------------------
     0 | D        | testman the Troll Berserker began the quest for the Orb.
     0 | D        | Reached XP level 1. HP: 22/22 MP: 0/0
     8 | D        | Reached ** piety under Trog
    19 | D        | Noticed a howler monkey
    19 | D        | Noticed a scorpion
    19 | D        | Noticed an ogre
    23 | D        | Killed an ogre
    24 | D        | Reached skill level 5 in Fighting
    24 | D        | Reached skill level 6 in Unarmed Combat
    24 | D        | Reached XP level 2. HP: 21/35 MP: 1/1
    24 | D        | Reached XP level 3. HP: 26/42 MP: 2/2
    24 | D        | Reached XP level 4. HP: 30/50 MP: 3/3
    28 | D        | Reached *** piety under Trog
    32 | D        | Killed a scorpion
    33 | D        | Reached skill level 7 in Unarmed Combat
    33 | D        | Reached XP level 5. HP: 43/61 MP: 4/4
    35 | D        | Reached skill level 8 in Unarmed Combat
    88 | D        | Found a snail-covered altar of Cheibriados.
    88 | D        | Found a shadowy altar of Dithmenos.
    88 | D        | Found a white marble altar of Elyvilon.
    88 | D        | Found a blossoming altar of Fedhas.
    88 | D        | Found an opulent altar of Gozag.
    89 | D        | Found a hazy altar of Hepliaklqana.
    90 | D        | Found a viscous altar of Jiyva.
    91 | D        | Found an ancient bone altar of Kikubaaqudgha.
    92 | D        | Found a corrupted altar of Lugonu.
    93 | D        | Found a burning altar of Makhleb.
    94 | D        | Found a sparkling altar of Nemelex Xobeh.
    95 | D        | Found an iron altar of Okawaru.
    96 | D        | Found a stormy altar of Qazlal.
    97 | D        | Found a sacrificial altar of Ru.
    98 | D        | Found a shimmering blue altar of Sif Muna.
    99 | D        | Found a bloodstained altar of Trog.
   100 | D        | Found a hide-covered altar of Uskayaw.
   101 | D        | Found a radiant altar of Vehumet.
   102 | D        | Found an ornate altar of the Wu Jian Council.
   103 | D        | Found a shimmering altar of Xom.
   104 | D        | Found a basalt altar of Yredelemnul.
   105 | D        | Found a glowing silver altar of Zin.
   106 | D        | Found a glowing golden altar of the Shining One.
   131 | D        | Noticed a wraith
   131 | D        | Noticed a vampire mosquito
   139 | D        | Reached skill level 9 in Unarmed Combat
   140 | D        | Killed a vampire mosquito
   140 | D        | Reached **** piety under Trog
   141 | D        | Reached skill level 10 in Unarmed Combat
   141 | D        | Reached XP level 6. HP: 74/74 MP: 5/5
   149 | D        | Killed an unseen horror
   150 | D        | Reached skill level 11 in Unarmed Combat
   150 | D        | Reached XP level 7. HP: 84/84 MP: 6/6
   153 | D        | Killed a wraith
   153 | D        | Reached ***** piety under Trog
   154 | D        | Reached skill level 10 in Fighting
   154 | D        | Reached skill level 12 in Unarmed Combat
   195 | D        | Noticed a slime creature
   195 | D        | Noticed an efreet
   195 | D        | Noticed a slime creature
   195 | D        | Noticed a komodo dragon
   195 | D        | Noticed a cyclops
   195 | D        | Noticed a centaur warrior
   201 | D        | Killed a centaur warrior
   202 | D        | Reached skill level 13 in Unarmed Combat
   202 | D        | Reached XP level 8. HP: 73/97 MP: 7/7
   204 | D        | Killed a cyclops
   205 | D        | Reached skill level 14 in Unarmed Combat
   213 | D        | Killed a komodo dragon
   214 | D        | Reached XP level 9. HP: 59/107 MP: 8/8
   218 | D        | Killed an efreet
   219 | D        | Reached skill level 15 in Unarmed Combat
   223 | D        | Slain by a slime creature

Illustrated notes

Levels and vault maps discovered:
D:        linesprint [early_d, line_temple, items_1, d_10, items_2, lair_1,
          lair_end, items_3, orc_1, orc_end, items_4, d_15, swamp_1, shoals_1,
          snake_1, spider_1, d_20, vaults_1, items_5, swamp_end, shoals_end,
          snake_end, spider_end, vaults_end, d_27, items_6, zot_1, zot_end,
          crypt_end, forest_end, elf_end, slime_end, tomb_end, abyss_end,
          pan_hell_end]

Skill      XL: |  1  2  3  4  5  6  7  8  9 |
---------------+----------------------------+-----
Fighting       | 5 6 8 9 11 12 | 12.9
Unarmed Combat | 6 7 10 11 13 14 15 | 15.2
Dodging        | |  2.4

Action                     |  1- 3 |  4- 6 |  7- 9 || total
---------------------------+-------+-------+-------++-------
  Melee: Unarmed           |    11 |    26 |    25 ||    62
         Punch             |       |     1 |     1 ||     2
 Invoke: Berserk           |     1 |     1 |     1 ||     3
         Trog's Hand       |     1 |     1 |     1 ||     3
         Brothers in Arms  |       |       |     1 ||     1
    Use: Potion            |       |       |     1 ||     1
 Armour: Animal skin       |     2 |     5 |     6 ||    13
  Dodge: Dodged            |     3 |     8 |     8 ||    19

Table legend: (Time is in decaauts)
 A = Elapsed time spent in this place.
 B = Non-inter-level travel time spent in this place.
 C = Inter-level travel time spent in this place.
 D = Time resting spent in this place.
 E = Time spent auto-exploring this place.
 F = Levels seen in this place.
 G = Mean time per level.
                   A        B        C        D        E       F      G
               +--------+--------+--------+--------+--------+-----+--------+
         Total |    234 |    234 |      0 |     80 |      0 |   1 |  234.0 |
       Dungeon |    234 |    234 |      0 |     80 |      0 |   1 |  234.0 |
               +--------+--------+--------+--------+--------+-----+--------+

Top non-repeatable levels by time:
       D: 234 daAuts
